 Dungeon Crawl Stone Soup version 0.19.5 (webtiles) character file.

3048 Lostpass the Thaumaturge (level 9, -5/49 HPs)
             Began as a Deep Elf Fire Elementalist on Mar 1, 2017.
             Was a Follower of Vehumet.
             Killed by divine providence
             ... invoked by an orc priest
              (12 damage)
             ... on level 7 of the Dungeon on Mar 2, 2017.
             The game lasted 01:23:49 (9905 turns).

Lostpass the Thaumaturge (DEFE)                     Turns: 9905, Time: 01:23:49

Health: -5/49      AC:  6    Str:  6    XL:     9   Next: 57%
Magic:  21/24      EV: 16    Int: 22    God:    Vehumet [*.....]
Gold:   397        SH:  0    Dex: 16    Spells: 5 memorised, 13 levels left

rFire  + . .     SeeInvis .     a - +0 dagger
rCold  + . .     Gourm    .     d - +1 robe {rC+ rF+}
rNeg   . . .     Faith    .     (no shield)
rPois  .         Spirit   .     x - +0 helmet
rElec  .         Reflect  .     (no cloak)
rCorr  +         Harm     .     D - +0 pair of gloves
MR     .....                    w - +0 pair of boots
Stlth  +++.......               (no amulet)
                                (no ring)
                                i - ring of resist corrosion

@: no status effects
A: no striking features
a: Renounce Religion


You were on level 7 of the Dungeon.
You worshipped Vehumet.
Vehumet was aware of your devotion.
You were not hungry.

You visited 2 branches of the dungeon, and saw 10 of its levels.
You also visited: Sewer.

You collected 397 gold pieces.

Inventory:

Hand Weapons
 a - a +0 dagger (weapon)
 b - a +0 blowgun
 s - a +0 quarterstaff of speed
 C - a +0 whip of freezing
Missiles
 k - 33 poisoned needles
 u - 8 javelins (quivered)
Armour
 d - a +1 robe of resistance (worn)
 q - a +2 robe of positive energy
 w - a +0 pair of boots (worn)
 x - a +0 helmet (worn)
 D - a +0 pair of gloves (worn)
Jewellery
 i - a ring of resist corrosion (left hand)
Wands
 f - a wand of teleportation (0/9)
 y - a wand of digging (12/24)
 A - a wand of acid (9/15)
Scrolls
 g - a scroll of amnesia
 o - a scroll of noise
 p - 2 scrolls of remove curse
 E - a scroll of fog
 F - a scroll of immolation
Potions
 h - a potion of flight
 j - 2 potions of ambrosia
 l - 2 potions of cancellation
 r - a potion of brilliance
Books
 n - a book of Flames

   Spells                             Type                      Level
   a - Flame Tongue                   Conjuration/Fire             1
   b - Throw Flame                    Conjuration/Fire             2
   c - Conjure Flame                  Conjuration/Fire             3
   d - Inner Flame                    Hexes/Fire                   3
   e - Sticky Flame                   Conjuration/Fire             4
   f - Fireball                       Conjuration/Fire             5
Comestibles
 c - 7 bread rations
 m - 6 fruits
 z - a slice of pizza
 B - 3 meat rations
 G - 2 chunks of flesh


   Skills:
 + Level 2.6 Fighting
 + Level 2.2 Short Blades
 - Level 3.0 Throwing
 + Level 6.2 Dodging
 + Level 4.6 Stealth
 - Level 9.0 Spellcasting
 * Level 5.9 Conjurations
 * Level 2.1 Hexes
 * Level 7.8 Fire Magic
 + Level 0.2 Evocations


You had 13 spell levels left.
You knew the following spells:

 Your Spells              Type           Power        Failure   Level  Hunger
a - Flame Tongue          Conj/Fire      #####        1%          1    None
b - Throw Flame           Conj/Fire      #####.       1%          2    None
c - Inner Flame           Hex/Fire       ####....     2%          3    None
d - Conjure Flame         Conj/Fire      #####...     1%          3    None
e - Sticky Flame          Conj/Fire      #####...     4%          4    ##.....


Dungeon Overview and Level Annotations

Branches:
Dungeon (9/15)             Temple (1/1) D:4            Lair (0/6) D:8
    Orc: D:9-12

Altars:
Ashenzari
Cheibriados
Dithmenos
Elyvilon
Fedhas
Gozag
Hepliaklqana
Kikubaaqudgha
Makhleb
Nemelex Xobeh
Okawaru
Qazlal
Ru
Sif Muna
Trog
Uskayaw
Vehumet
Xom
Yredelemnul
Zin

Annotations:
D:8 Squonk's ghost, novice DsTm


Message History

Found a wand of digging.
There is a stone staircase leading down here.
The orc moves out of view.
Found a golden potion.
The orc priest invokes the aid of Beogh against you.
Beogh smites you!
* * * LOW HITPOINT WARNING * * *
The orc hits you but does no damage.
You are poisoned.
You feel sick.
You feel sick.
The orc priest calls down the wrath of Beogh upon you.
Pain shoots through your body!
* * * LOW HITPOINT WARNING * * *
* * * LOW HITPOINT WARNING * * *
You feel sick.
You feel better.
The orc priest invokes the aid of Beogh against you.
Beogh smites you!
You die...

.........#
.......>.#
PP.......#
.........#
.........#
..../....# #
.....o...##.#
.o......o...#
...####.@...#
.. #.....#
.......#
###.!...#
#.....#
#.....#
#.....#
#......


You could see an orc priest and 2 orcs.

Vanquished Creatures
  Pikel (D:5)
  Prince Ribbit (D:5)
  Grinder (D:5)
  A hippogriff (D:8)
  An ice beast (D:5)
  A slave (D:5)
  2 phantoms
  5 ogres
  A centaur (D:8)
  Blork the orc (D:5)
  3 bullfrogs
  3 scorpions
  A howler monkey (D:5)
  3 hounds
  A centaur skeleton (D:6)
  2 jellies
  2 orc priests (D:5)
  An iguana (D:8)
  5 orc wizards
  6 worker ants
  3 hound skeletons
  9 adders
  An ooze (D:1)
  5 worms
  4 dart slugs
  7 leopard geckos
  14 orcs
  6 giant cockroaches
  6 goblins
  9 hobgoblins
  13 jackals
  5 quokkas
  11 ball pythons
  2 bats
  9 frilled lizards
  8 kobolds
  A leopard gecko skeleton (D:4)
  A quokka zombie (D:5)
  9 rats
165 creatures vanquished.

Vanquished Creatures (others)
  A plant (D:8)
1 creature vanquished.

Grand Total: 166 creatures vanquished

Notes
Turn   | Place    | Note
-------+----------+-------------------------------------------
     0 | D:1      | Lostpass the Deep Elf Fire Elementalist began the quest for the Orb.
     0 | D:1      | Reached XP level 1. HP: 10/10 MP: 6/6
   577 | D:1      | Reached XP level 2. HP: 16/16 MP: 4/8
   684 | D:1      | Learned a level 2 spell: Throw Flame
  1295 | D:1      | Reached XP level 3. HP: 20/20 MP: 9/9
  1371 | D:1      | Learned a level 3 spell: Inner Flame
  1515 | D:2      | Found a snail-covered altar of Cheibriados.
  2337 | D:2      | Reached skill level 1 in Fighting
  2696 | D:2      | Reached XP level 4. HP: 18/25 MP: 7/11
  3074 | D:3      | Learned a level 3 spell: Conjure Flame
  3092 | D:3      | Reached skill level 4 in Spellcasting
  3536 | D:3      | Found a shadowy altar of Dithmenos.
  4001 | D:3      | Reached XP level 5. HP: 29/29 MP: 3/13
  4462 | D:4      | Found a glowing drain.
  4470 | Sewer    | Entered a sewer
  5032 | Sewer    | Reached skill level 5 in Spellcasting
  5038 | Sewer    | Reached skill level 1 in Short Blades
  5038 | Sewer    | Reached skill level 1 in Throwing
  5038 | Sewer    | Reached XP level 6. HP: 18/34 MP: 4/16
  5286 | D:4      | Upgraded the game from 0.19.4-25-g1b72edd to 0.19.5
  5652 | D:4      | Learned a level 4 spell: Sticky Flame
  5861 | D:4      | Reached skill level 6 in Spellcasting
  5861 | D:4      | Reached XP level 7. HP: 31/38 MP: 6/18
  6037 | D:4      | Found a staircase to the Ecumenical Temple.
  6052 | Temple   | Entered the Ecumenical Temple
  6230 | Temple   | Became a worshipper of Vehumet
  6505 | D:5      | Entered Level 5 of the Dungeon
  6519 | D:5      | Reached skill level 5 in Dodging
  6591 | D:5      | Reached skill level 5 in Fire Magic
  6873 | D:5      | Noticed Grinder
  6883 | D:5      | Killed Grinder
  6927 | D:5      | Reached XP level 8. HP: 44/44 MP: 3/19
  7304 | D:5      | Noticed Blork the orc
  7310 | D:5      | Killed Blork the orc
  7319 | D:5      | Reached skill level 7 in Spellcasting
  7487 | D:5      | Reached * piety under Vehumet
  7487 | D:5      | Offered knowledge of Sting by Vehumet.
  7488 | D:5      | Noticed Prince Ribbit
  8014 | D:5      | Killed Prince Ribbit
  8014 | D:5      | Reached skill level 1 in Hexes
  8021 | D:5      | Reached skill level 5 in Conjurations
  8310 | D:5      | Noticed Pikel
  8337 | D:5      | Killed Pikel
  8337 | D:5      | Reached skill level 8 in Spellcasting
  8337 | D:5      | Reached XP level 9. HP: 42/49 MP: 6/23
  8697 | D:6      | Found a basalt altar of Yredelemnul.
  8786 | D:6      | Found a hide-covered altar of Uskayaw.
  8790 | D:6      | Found an opulent altar of Gozag.
  9225 | D:6      | Found a sparkling altar of Nemelex Xobeh.
  9227 | D:6      | Found a stormy altar of Qazlal.
  9296 | D:6      | You fall through a shaft for 3 floors!
  9304 | D:8      | Noticed Squonk's ghost (novice DsTm)
  9500 | D:8      | Reached skill level 9 in Spellcasting
  9903 | D:7      | HP: 2/49 [orc priest/nerve-wracking pain (6)]
  9905 | D:7      | Killed from afar by an orc priest

Skill      XL: |  1  2  3  4  5  6  7  8  9 |
---------------+----------------------------+-----
Dodging        | 3 4 5 6 |  6.2
Fighting       | 1 2 |  2.6
Fire Magic     | 4 5 6 7 |  7.8
Spellcasting   | 4 5 6 8 9 |  9.0
Stealth        | 3 4 |  4.6
Short Blades   | 1 2 |  2.2
Throwing       | 1 2 3 |  3.0
Conjurations   | 2 3 5 |  5.9
Hexes          | 1 2 |  2.1
Evocations     | |  0.2

Action                   |  1- 3 |  4- 6 |  7- 9 || total
-------------------------+-------+-------+-------++-------
Melee: Dagger            |    50 |    31 |    71 ||   152
       Quarterstaff      |     9 |       |       ||     9
 Fire: Blowgun           |       |    21 |    32 ||    53
Throw: Javelin           |       |       |     5 ||     5
 Cast: Flame Tongue      |    52 |    83 |   144 ||   279
       Throw Flame       |     3 |    12 |     2 ||    17
       Inner Flame       |       |     2 |     7 ||     9
       Conjure Flame     |       |     2 |    11 ||    13
       Sticky Flame      |       |     1 |     6 ||     7
Evoke: Wand              |       |       |     2 ||     2
  Use: Scroll            |     7 |     6 |     7 ||    20
       Potion            |     3 |     1 |     3 ||     7
 Stab: Sleeping          |     6 |     6 |     7 ||    19
  Eat: Chunk             |     3 |     8 |    13 ||    24
       Meat ration       |     1 |       |       ||     1
       Fruit             |       |       |     1 ||     1
Armor: Robe              |    13 |    14 |    28 ||    55
Dodge: Dodged            |    47 |    67 |   127 ||   241
